 Dungeon Crawl Stone Soup version 0.29.0-4-gdea44cf6ec (webtiles) character file.

Game seed: 5978476005604392055

81 qw the Chopper (level 4, -3/26 HPs)
             Began as a Tengu Warper on Aug 28, 2022.
             Slain by Terence
             ... wielding a +0 flail
              (8 damage)
             ... on level 3 of the Dungeon.
             The game lasted 00:00:10 (2293 turns).

qw the Chopper (Tengu Warper)                       Turns: 2293, Time: 00:00:10

Health: -3/26      AC: 10    Str: 13    XL:     4   Next: 40%
Magic:  8/8        EV:  3    Int: 13    God:
Gold:   101        SH:  0    Dex: 14    Spells: 7/7 levels left

rFire   . . .      SeeInvis .   Y - +0 hand axe
rCold   . . .      Faith    .   (no shield)
rNeg    . . .      Spirit   .   f - +0 plate armour
rPois   .          Reflect  .   (helmet restricted)
rElec   .          Harm     .   (no cloak)
rCorr   .          Rampage  .   (no gloves)
Will    .....                   (boots unavailable)
Stlth   ..........              (no amulet)
HPRegen 0.08/turn               (no ring)
MPRegen 0.11/turn               (no ring)

@: no status effects
A: beak, talons 3
a: no special abilities


You were on level 3 of the Dungeon.
You visited 1 branch of the dungeon, and saw 3 of its levels.

You collected 101 gold pieces.


Innate Abilities, Weirdness & Mutations

You have a beak for a mouth.
You have claws for feet.


   Skills:
 - Level 2.0 Fighting
 + Level 4.6 Axes
 - Level 1.0 Throwing
 - Level 2.0 Armour
 - Level 2.1 Dodging
 - Level 2.0 Spellcasting
 - Level 2.4 Translocations


You had 7 spell levels left.
You didn't know any spells.
Your spell library contained the following spells:

 Spells                   Type           Power      Damage    Failure   Level
 Blink                    Tloc           14%        N/A       100%        2
 Gell's Gravitas          Tloc           7%         N/A       100%        3
 Lesser Beckoning         Tloc           7%         N/A       100%        3
 Teleport Other           Tloc           7%         N/A       100%        3
 Manifold Assault         Tloc           7%         N/A       100%        5

Inventory:

Hand Weapons
 b - a +0 whip
 Y - a +0 hand axe (weapon)
Armour
 f - a +0 plate armour (worn)
Scrolls
 a - a scroll of identify
Potions
 c - a potion of curing {unknown}
 d - a potion of flight {unknown}
 e - a potion of lignification {unknown}
 g - a potion of degeneration {unknown}
 i - a potion of heal wounds {unknown}

Dungeon Overview and Level Annotations

Branches:
Dungeon (3/15)

Altars:

Shops:
D:2 :

Annotations:
D:3 Terence


Message History

Terence is lightly wounded.
Terence hits you with a +0 flail.
You hit Terence.
Terence is moderately wounded.
Terence hits you with a +0 flail.
You hit Terence. You claw Terence, but do no damage. You peck Terence.
Terence is heavily wounded.
A giant cockroach comes into view.
Terence hits you with a +0 flail.
You barely miss Terence. You peck Terence, but do no damage.
Terence is heavily wounded.
Terence hits you with a +0 flail.
You barely miss Terence. You claw Terence, but do no damage.
Your peck misses Terence.
Terence is heavily wounded.
Terence hits you but does no damage.
You hit Terence. Your kick misses Terence. Your peck misses Terence.
Terence is heavily wounded.
You barely miss the giant cockroach. The giant cockroach barely misses you.
Terence hits you but does no damage.
You hit Terence. Your peck misses Terence.
Terence is heavily wounded.
You hit the giant cockroach.
You kill the giant cockroach!
Terence hits you but does no damage.
You hit Terence but do no damage.
Terence is heavily wounded.
Terence hits you but does no damage.
You hit Terence but do no damage.
Terence is heavily wounded.
Terence hits you with a +0 flail!
You completely miss Terence. You claw Terence.
You peck Terence, but do no damage.
Terence is severely wounded.
Terence screams, "I want your blood!" Terence hits you but does no damage.
You barely miss Terence.
Terence is severely wounded.
Terence hits you with a +0 flail!
You die...

#.##.##.# #.##.##.#
+# #.##.##.# .#
#.##.##.# .#
#.#.....# #.#####
#.......# ####.......
###..##.# ##.......#
#..##.####........#
#............@@.#
#.###.####...........
#.# #.# ##...#.#.###
#.###.# #####.# #
#.....# # #######


You could see Terence.

Vanquished Creatures
  3 adders (D:2)
  3 worms (D:2)
  2 dart slugs
  3 ball pythons
  7 endoplasms
  2 giant cockroaches
  3 goblins
  2 hobgoblins (D:1)
  5 bats
  2 frilled lizards
  5 kobolds
  3 rats
40 creatures vanquished.

Notes
Turn   | Place    | Note
-------+----------+-------------------------------------------
     0 | D:1      | qw the Tengu Warper began the quest for the Orb.
     0 | D:1      | Reached XP level 1. HP: 12/12 MP: 4/4
     0 | D:1      | 0 ||| qw: Version: 0.1-a-89-g26bdef1
     0 | D:1      | 0 ||| qw: Game counter: 610
     0 | D:1      | 0 ||| qw: Always use a shield: true
     0 | D:1      | 0 ||| qw: God list: Okawaru
     0 | D:1      | 0 ||| qw: Allow faded altars: false
     0 | D:1      | 0 ||| qw: Do Orc after D:15 true
     0 | D:1      | 0 ||| qw: Do second Lair branch before Depths: true
     0 | D:1      | 0 ||| qw: Lair rune preference: random
     0 | D:1      | 0 ||| qw: Plans: Normal
     0 | D:1      | 0 ||| PLANNING D:1-11
   219 | D:1      | Reached skill level 3 in Axes
   219 | D:1      | Reached XP level 2. HP: 17/17 MP: 6/6
   281 | D:1      | 281 ||| Stepping ~*~*~tactically~*~*~ (stealth).
   335 | D:1      | 335 ||| Stepping ~*~*~tactically~*~*~ (stealth).
   977 | D:1      | 977 ||| UPGRADING to +0 plate armour.
   987 | D:1      | 987 ||| DROPPING +0 leather armour.
   988 | D:1      | 988 ||| READING 2 scrolls labelled ESUSHR YMUUDI.
   989 | D:1      | 989 ||| READING scroll labelled NAOSHA DIEQAMY.
   990 | D:1      | 990 ||| DROPPING scroll of blinking.
  1075 | D:2      | 1075 ||| DROPPING +0 club.
  1212 | D:2      | Reached skill level 4 in Axes
  1212 | D:2      | Reached XP level 3. HP: 21/21 MP: 7/7
  1295 | D:2      | Found Ivvy's Book Emporium.
  1336 | D:2      | 1336 ||| Stepping ~*~*~tactically~*~*~ (stealth).
  1337 | D:2      | 1337 ||| Stepping ~*~*~tactically~*~*~ (stealth).
  1577 | D:2      | Reached XP level 4. HP: 26/26 MP: 8/8
  2216 | D:2      | 2216 ||| READING scroll labelled WOMI FAALO.
  2279 | D:3      | Noticed Terence
  2291 | D:3      | HP: 5/26 [Terence/+0 flail (7)]
  2293 | D:3      | Slain by Terence

Levels and vault maps discovered:
D:1:      dpeg_arrival_arbitrary_b, layout_basic
D:2:      layout_basic, serial_shops, shop
D:3:      layout_loops_corners, uniq_terence, uniq_natasha

Skill      XL: |  1  2  3 |
---------------+----------+-----
Axes           | 3 4 |  4.6
Armour         | 2 |  2.0
Fighting       | |  2.0
Throwing       | |  1.0
Dodging        | |  2.1
Spellcasting   | |  2.0
Translocations | |  2.4

Action                   |  1- 3 |  4- 6 || total
-------------------------+-------+-------++-------
Melee: Hand axe          |    65 |    30 ||    95
       Kick              |    17 |    13 ||    30
       Peck              |     7 |     6 ||    13
Throw: Boomerang         |    34 |       ||    34
  Use: Scroll            |     2 |     1 ||     3
Armor: Leather armour    |     5 |       ||     5
       Plate armour      |    36 |    12 ||    48
Dodge: Dodged            |    14 |     2 ||    16

Table legend:
 A = Non-vault XP
 B = Vault XP
 C = Vault XP percentage of total XP
 D = Non-vault monster count
 E = Vault monster count
 F = Vault count percentage of total count
                 A         B        C        D         E       F
            +---------+---------+-------+---------+---------+-------
      Total |     116 |       0 |   0.0 |      40 |       0 |   0.0
            +---------+---------+-------+---------+---------+-------
        D:1 |      28 |       0 |   0.0 |      16 |       0 |   0.0
        D:2 |      80 |       0 |   0.0 |      21 |       0 |   0.0
        D:3 |       8 |       0 |   0.0 |       3 |       0 |   0.0
            +---------+---------+-------+---------+---------+-------
